AoeStats
← Yock

Arena

506599159Analyzed
1v1 RM · 19d ago on Sep 14, 2026· 47m 34s· 2 players
Game mode
Random Map
Map size
Tiny (2 player)
Population
200
Speed
Normal
Resources
Standard
Victory
Conquest
Starting age
Dark Age
Ending age
Imperial Age
RankedLock teamsTeams togetherTeam positionsShared explorationLock speedFull tech treeHidden civsTurbo modeCheats
Victory
Defeat
🇨🇳 Wei · China
615
+16
🇦🇺 Persians · Australia
618
-21
失意
8:26 Loom
9:02 Loom
11:34 Feudal Age
12:02 Double-Bit Axe
11:59 Horse Collar
18:27 Wheelbarrow
17:40 Town Watch
21:10 Castle Age
19:09 Fletching
20:02 Scale Mail Armor
20:15 Forging
21:07 Town Watch
22:52 Heavy Plow
23:03 Bow Saw
24:01 Hand Cart
24:02 Stone Mining
24:39 Gold Mining
26:07 Stone Shaft Mining
32:55 Imperial Age
30:25 Town Patrol
30:59 Ballistics
30:56 Treadmill Crane
31:26 Masonry
31:12 Murder Holes
31:27 Fortified Wall
32:55 Bodkin Arrow
33:37 Iron Casting
33:17 Chain Mail Armor
33:10 Scale Barding Armor
33:24 Husbandry
33:36 Bloodlines
33:33 Squires
32:53 Pikeman
35:22 Conscription
35:28 Ming Guang Armor
35:43 Hoardings
37:11 Crop Rotation
38:01 Chemistry
37:04 Devotion
37:13 Thumb Ring
36:35 Heavy Hei Guang Cavalry
36:44 Halberdier
38:41 Elite Tiger Cavalry
39:27 Bracer
40:28 Blast Furnace
39:49 Chain Barding Armor
39:38 Tuntian
41:43 Padded Archer Armor
Yock
3:17 Loom
11:42 Feudal Age
12:11 Double-Bit Axe
12:08 Horse Collar
13:47 Wheelbarrow
17:39 Gold Mining
19:07 Scale Barding Armor
22:24 Castle Age
20:37 Stone Mining
21:37 Town Watch
23:58 Heavy Plow
24:32 Bow Saw
25:00 Gold Shaft Mining
25:03 Stone Shaft Mining
24:49 Husbandry
29:34 Bloodlines
34:32 Imperial Age
33:40 Crossbowman
35:07 Elite War Elephant
36:32 Hand Cart
36:18 Town Patrol
37:21 Cavalier
39:46 Savar
40:46 Devotion
40:51 Padded Archer Armor
40:51 Scale Mail Armor
42:01 Citadels
42:08 Thumb Ring
41:33 Man-at-Arms
41:59 Gambesons
43:20 Chain Barding Armor
45:22 Plate Barding Armor
45:03 Chain Mail Armor
44:58 Forging
44:38 Fletching
46:26 Kamandaran
Connection lost

Rejoining the realm…

Still unreachable

The connection could not be restored.

Session expired

The server has moved on; the page needs a fresh start.